 Dungeon Crawl Stone Soup version 0.27-a0-1256-gced786f65e (webtiles) character file.

Game seed: 10266256243922817393

240423 Drazool the Unseen (level 19, -4/154 HPs)
             Began as a Merfolk Monk on June 10, 2021.
             Was an Initiate of Gozag.
             Killed from afar by a death drake (15 damage)
             ... with a foul vapour
             ... on level 4 of the Swamp on June 11, 2021.
             The game lasted 03:00:23 (45601 turns).

Drazool the Unseen (Merfolk Monk)                  Turns: 45601, Time: 03:00:25

Health: -4/154     AC: 23    Str: 21    XL:     19   Next: 78%
Magic:  19/19      EV: 12    Int: 11    God:    Gozag
Gold:   8896       SH: 31    Dex: 17    Spells: 16/18 levels left

rFire    + . .     SeeInvis +   a - +8 trident (spect)
rCold    + + .     Faith    .   z - +5 tower shield {rN+}
rNeg     + . .     Spirit   .   b - +6 plate armour "Faqaf" {rF+ Str+2}
rPois    +         Reflect  +   y - +0 mask of the Dragon {Will+ Slay+3 SInv}
rElec    +         Harm     .   K - scarf {shadows}
rCorr    +         Rampage  .   j - +2 pair of gloves
Will     ++...                  (boots currently unavailable)
Stlth    ++++......             W - amulet of reflection
HPRegen  0.35/turn              d - ring of Ejiag {rElec rPois rC+ rCorr Int+2}
MPRegen  0.16/turn              Z - ring "Athruob" {rC+ rCorr Slay+6}

@: lethally poisoned (-4 -> -9), gold aura, slowed, studying 2 skills, quick
A: nimble swimmer 2, mertail, mutation resistance 1
}: 1/15 runes: serpentine
a: Renounce Religion, Potion Petition, Call Merchant, Bribe Branch


You were on level 4 of the Swamp.
You worshipped Gozag.
Gozag was greatly pleased with you.
You visited 5 branches of the dungeon, and saw 31 of its levels.
You also visited: Gauntlet, Ice Cave and Volcano.

You collected 13627 gold pieces.
You spent 3340 gold pieces at shops.
You paid 1391 gold pieces to Gozag.


Innate Abilities, Weirdness & Mutations

You are quick and stealthy near water. (Stealth+, EV+, Speed+++)
Your lower body shifts to a powerful aquatic tail in water.
You are somewhat resistant to further mutation.


   Skills:
 - Level 14.8 Fighting
 - Level 17.5 Polearms
 - Level 3.7 Throwing
 - Level 8.4 Armour
 - Level 12.2 Dodging
 - Level 18.3 Stealth
 + Level 16.1 Shields
 - Level 5.3 Necromancy
 + Level 7.7 Translocations
 - Level 12.3 Evocations


You had 16 spell levels left.
You knew the following spells:

 Your Spells              Type           Power      Damage    Failure   Level
B - Blink                 Tloc           N/A        N/A       77%         2

Your spell library contained the following spells:

 Spells                   Type           Power      Damage    Failure   Level
 Animate Skeleton         Necr           22%        N/A       91%         1
 Pain                     Necr           44%        1d6       91%         1
 Gell's Gravitas          Tloc           8%         N/A       94%         3
 Lesser Beckoning         Tloc           8%         N/A       94%         3
 Teleport Other           Tloc           17%        N/A       94%         3
 Sublimation of Blood     Necr           5%         N/A       97%         2
 Beastly Appendage        Tmut           0%         N/A       100%        1
 Foxfire                  Conj/Fire      0%         2x1d4     100%        1
 Freeze                   Ice            0%         1d3       100%        1
 Magic Dart               Conj           0%         1d3       100%        1
 Sandblast                Erth           0%         2d4       100%        1
 Shock                    Conj/Air       0%         1d3       100%        1
 Sting                    Tmut/Pois      0%         1d3       100%        1
 Call Imp                 Summ           0%         N/A       100%        2
 Passwall                 Tmut/Erth      0%         N/A       100%        2
 Poisonous Vapours        Pois/Air       0%         N/A       100%        2
 Searing Ray              Conj           0%         3d3       100%        2
 Slow                     Hex            0%         N/A       100%        2
 Static Discharge         Conj/Air       0%         N/A       100%        2
 Wereblood                Tmut           0%         N/A       100%        2
 Confusing Touch          Hex            0%         N/A       100%        3
 Conjure Flame            Conj/Fire      0%         6-21      100%        3
 Dazzling Flash           Conj/Hex       0%         N/A       100%        3
 Frozen Ramparts          Ice            0%         1d2       100%        3
 Ignite Poison            Fire/Tmut/Pois 0%         N/A       100%        3
 Inner Flame              Hex/Fire       0%         N/A       100%        3
 Mephitic Cloud           Conj/Pois/Air  0%         N/A       100%        3
 Ozocubu's Armour         Ice            0%         N/A       100%        3
 Spider Form              Tmut/Pois      0%         N/A       100%        3
 Stone Arrow              Conj/Erth      0%         3d7       100%        3
 Swiftness                Air            0%         N/A       100%        3
 Vampiric Draining        Necr           5%         2d6       100%        3
 Airstrike                Air            0%         N/A       100%        4
 Animate Armour           Summ/Erth      0%         N/A       100%        4
 Animate Dead             Necr           5%         N/A       100%        4
 Cause Fear               Hex            0%         N/A       100%        4
 Fulminant Prism          Conj/Hex       0%         3d6       100%        4
 Hailstorm                Conj/Ice       0%         3d3       100%        4
 Ice Form                 Ice/Tmut       0%         N/A       100%        4
 Iskenderun's Mystic Bla  Conj/Tloc      8%         2d4       100%        4
 Leda's Liquefaction      Hex/Erth       0%         N/A       100%        4
 Olgreb's Toxic Radiance  Pois           0%         N/A       100%        4
 Petrify                  Tmut/Erth      0%         N/A       100%        4
 Sticky Flame             Conj/Fire      0%         2d3       100%        4
 Summon Ice Beast         Ice/Summ       0%         N/A       100%        4
 Agony                    Necr           11%        N/A       100%        5
 Alistair's Intoxication  Tmut/Pois      0%         N/A       100%        5
 Borgnjor's Vile Clutch   Necr/Erth      2%         N/A       100%        5
 Fireball                 Conj/Fire      0%         3d3       100%        5
 Freezing Cloud           Conj/Ice/Air   0%         6-21      100%        5
 Irradiate                Conj/Tmut      0%         3d13      100%        5
 Lee's Rapid Deconstruct  Erth           0%         3d5*      100%        5
 Lightning Bolt           Conj/Air       0%         1d11      100%        5
 Manifold Assault         Tloc           17%        N/A       100%        5
 Metabolic Englaciation   Hex/Ice        0%         N/A       100%        5
 Silence                  Hex/Air        0%         N/A       100%        5
 Summon Forest            Summ/Tloc      4%         N/A       100%        5
 Summon Mana Viper        Hex/Summ       0%         N/A       100%        5
 Yara's Violent Unravell  Hex/Tmut       0%         3d3       100%        5
 Death Channel            Necr           5%         N/A       100%        6
 Eringya's Noxious Bog    Tmut/Pois      0%         N/A       100%        6
 Shadow Creatures         Summ           N/A        N/A       100%        6
 Simulacrum               Ice/Necr       2%         N/A       100%        6
 Statue Form              Tmut/Erth      0%         N/A       100%        6
 Ozocubu's Refrigeration  Ice            0%         4d5       100%        7
 Summon Hydra             Summ           0%         N/A       100%        7
 Discord                  Hex            0%         N/A       100%        8

Inventory:

Hand Weapons
 a - a +8 spectral trident (weapon)
Missiles
 l - 72 poisoned darts
 m - 2 throwing nets {=f}
 u - 24 boomerangs (quivered)
 M - 5 silver javelins
Armour
 b - the +6 plate armour "Faqaf" (worn) {rF+ Str+2}
   (You bought it in a shop on level 2 of the Snake Pit)

   It affects your strength (+2).
   It protects you from fire.
 h - the +6 chain mail of Tomorrow {Contam Rampage +Blink Int+9}
   (You found it on level 4 of the Dungeon)

   It affects your intelligence (+9).
   It lets you blink.
   It causes magical contamination when unequipped.
   It bestows one free step when moving towards enemies.
 j - a +2 pair of gloves (worn)
 p - a +2 pair of boots (melded)
 y - the +0 mask of the Dragon (worn) {Will+ Slay+3 SInv}
   (You bought it in a shop on level 3 of the Lair of Beasts)

   It affects your accuracy and damage with ranged weapons and melee attacks
   (+3).
   It lets you see invisible.
   It increases your willpower.
 z - a +5 tower shield of positive energy (worn)
 K - a scarf of shadows (worn)
Jewellery
 d - the ring of Ejiag (left hand) {rElec rPois rC+ rCorr Int+2}
   (You found it in an ice cave)

   [ring of protection from cold]

   It affects your intelligence (+2).
   It protects you from cold.
   It insulates you from electricity.
   It protects you from poison.
   It protects you from acid and corrosion.
 A - an amulet of the acrobat
 C - a ring of protection from cold
 F - a ring of protection from fire
 L - a ring of flight
 W - an amulet of reflection (around neck)
 Z - the ring "Athruob" (right hand) {rC+ rCorr Slay+6}
   (You bought it in a shop on level 14 of the Dungeon)

   [ring of resist corrosion]

   It affects your accuracy and damage with ranged weapons and melee attacks
   (+6).
   It protects you from cold.
   It protects you from acid and corrosion.
Wands
 c - a wand of charming (7)
 o - a wand of acid (20)
 q - a wand of iceblast (42)
 r - a wand of digging (4)
 w - a wand of paralysis (33)
 G - a wand of polymorph (14)
 J - a wand of flame (73)
 O - a wand of mindburst (16)
Scrolls
 g - 20 scrolls of identify {@r1}
 i - 8 scrolls of teleportation {@r4}
 n - 9 scrolls of amnesia
 I - a scroll of fear
 N - 5 scrolls of fog
 Q - 3 scrolls of vulnerability
 U - 6 scrolls of blinking
 V - 2 scrolls of silence {!r}
 Y - a scroll of magic mapping
Potions
 e - 3 potions of attraction
 f - 2 potions of mutation
 s - 6 potions of flight
 t - 6 potions of magic
 v - 5 potions of might
 x - 6 potions of heal wounds {@q2}
 B - 2 potions of brilliance
 D - 11 potions of curing {@q1}
 E - 3 potions of haste {@q3}
 P - 2 potions of resistance
 R - a potion of berserk rage {!q}
 X - 8 potions of lignification
Miscellaneous
 k - a condenser vane
 H - a phial of floods
 T - a box of beasts

Dungeon Overview and Level Annotations

Branches:
Dungeon (15/15)            Temple (0/1) D:4            Lair (6/6) D:10
  Swamp (4/4) Lair:2        Snake (4/4) Lair:4        Slime (0/5) Lair:5
    Orc (2/2) D:9             Elf (0/3) Orc:2        Vaults (0/5) D:13
 Depths (0/5) D:15          IceCv (visited)         Volcano (visited)
Gauntlet (visited)

Altars:
Cheibriados
Dithmenos
Gozag
Hepliaklqana
Makhleb
Okawaru
Qazlal
Ru
Sif Muna
Trog
Xom
Beogh

Shops:
D:3 [[*   D:14 =   D:15 [   Orc:2 [[((   Lair:3 [?   Snake:1 *:(   Snake:2 [
Snake:4 [::=

Annotations:
Lair:4 exclusion: 3 oklob plants
Swamp:2 2 transporters, Orlauf's ghost, adept DsGl

▒▒▒ ▒▒.≈▒▒
▒▒≈≈≈≈▒▒
▒..≈≈≈≈▒▒
.≈≈Z.°≈≈▒▒
▒$.ZZ@▒▒▒
▒..▒.§k≈▒
▒▒.○▒▒▒Z≈▒
▒▒$○.▒▒≈≈..▒
▒▒..≈▒▒▒≈≈.▒▒
♣
▒...▒▒▒▒...▒▒
♣♣ ▒▒○.▒▒
▒.!nW§▒ .▒
▒▒...▒
....nWt▒ ♣♣
▒≈..▒▒
....n.▒▒


You could see a death drake (catching breath), a spectral seven-headed hydra, a
spectral five-headed hydra, a phantom, a bloated husk and 2 swamp dragon
zombies.


Message History

You feel much better.
Your surroundings seem slightly different.
You feel very sick.
A bloated husk comes into view. x5; A phantom comes into view. x2
A ghost crab comes into view.
A bone dragon comes into view.
A ghost crab comes into view.
The ghost crab is distracted by your dazzling golden aura.
You block the phantom's attack.
The ghost crab is distracted by your dazzling golden aura.
Found four items.
A ghost crab comes into view.
Blink to where?
Press: ? - help, Dir - move target Your legs become a tail as you dive into the water.
Your +2 pair of boots melds into your body.
Floosh!
As you read the scroll of blinking, it crumbles to dust.
You feel very sick.
The swamp dragon zombie is no longer distracted by gold.
The bloated husk explodes!
The blast of putrescent gases engulfs the swamp dragon zombie!!
The blast of putrescent gases engulfs the death drake!!
The blast of putrescent gases engulfs you!!
* * * LOW HITPOINT WARNING * * *
The blast of putrescent gases engulfs the spectral five-headed hydra!!
The blast of putrescent gases engulfs the spectral seven-headed hydra!!
The death drake breathes miasma at you. The foul vapour engulfs you!
You die...
Your body crumbles into a pile of gold.

Skill      XL: |  1  2  3  4  5  6  7  8  9 10 11 12 13 14 15 16 17 18 19 |
---------------+----------------------------------------------------------+-----
Polearms       | 5 6 7 8 10 11 13 15 16 17 | 17.5
Fighting       | 4 5 6 7 9 11 12 13 14 | 14.8
Stealth        | 6 8 11 16 17 18 | 18.3
Shields        | 6 10 12 13 14 16 | 16.1
Necromancy     | 4 5 |  5.3
Translocations | 2 3 4 7 |  7.7
Evocations     | 6 10 11 12 | 12.3
Armour         | 6 8 |  8.4
Dodging        | 12 | 12.2
Throwing       | 3 |  3.7

Action                   |  1- 3 |  4- 6 |  7- 9 | 10-12 | 13-15 | 16-18 | 19-21 || total
-------------------------+-------+-------+-------+-------+-------+-------+-------++-------
Melee: Spear             |   124 |   210 |       |   219 |       |       |       ||   553
       Halberd           |       |    10 |   172 |   566 |       |       |       ||   748
       Tailslap          |       |       |       |     2 |     7 |       |    23 ||    32
       Trident           |       |       |       |    76 |  1105 |  1009 |   321 ||  2511
Throw: Dart              |    29 |     6 |     1 |    27 |     5 |     4 |       ||    72
       Throwing net      |     1 |     1 |       |       |       |       |       ||     2
       Boomerang         |       |       |       |     3 |    12 |    24 |    17 ||    56
       Javelin           |       |       |       |       |       |     5 |       ||     5
Invok: Call Merchant     |       |       |       |       |     2 |       |       ||     2
 Abil: Evoke Blink       |       |       |       |       |       |     2 |       ||     2
Evoke: Wand              |       |       |       |    14 |     6 |    21 |     4 ||    45
       Condenser vane    |       |       |       |       |       |     2 |       ||     2
       Phial of floods   |       |       |       |       |       |     1 |       ||     1
  Use: Scroll            |     5 |     7 |     5 |    17 |     7 |     9 |     4 ||    54
       Potion            |       |       |     3 |     4 |       |     7 |     1 ||    15
 Stab: Sleeping          |     4 |       |       |       |    21 |    21 |     2 ||    48
       Distracted        |     1 |     1 |     2 |    10 |    45 |    46 |    17 ||   122
       Held in net/web   |     1 |     1 |       |       |       |       |       ||     2
       Paralysed         |       |       |       |     1 |       |       |       ||     1
       Petrified         |       |       |       |       |       |     5 |       ||     5
       Confused          |       |       |       |       |       |       |     1 ||     1
Armor: Robe              |     9 |     7 |       |       |       |       |       ||    16
       Scale mail        |       |     9 |       |       |       |       |       ||     9
       Chain mail        |       |    29 |    92 |   306 |   140 |    80 |       ||   647
       Plate armour      |       |       |       |       |       |    57 |    71 ||   128
       Skin              |       |       |       |       |       |     4 |       ||     4
Dodge: Dodged            |    34 |    66 |    65 |   229 |    76 |    82 |    34 ||   586
       Repelled          |       |       |       |       |     2 |       |       ||     2
Block: Tower shield      |       |       |       |   267 |   559 |   748 |   230 ||  1804
       Reflection        |       |       |       |       |     1 |    92 |     4 ||    97

Levels and vault maps discovered:
D:1:      scummos_arrival_forest, layout_loops_ring,
          shapermc_ecumenical_altar_notcrosses
D:2:      layout_rooms, chequers_serial_rivers_marsh
D:3:      layout_basic, tgw_trog, nicolae_ru_sacrificial_ziggurat,
          gammafunk_ghost_split, serial_shops, shop_statue, shop, shop,
          uniq_robin
D:4:      layout_basic, minmay_temple_entry_junction_2
D:5:      layout_basic, kennysheep_little_box, uniq_grinder, uniq_sigmund
D:6:      layout_loops_cross, lemuel_doored_altar
D:7:      layout_basic, minmay_ruined_shrine, uniq_menkaure
D:8:      layout_basic, kennysheep_mini_moat, nicolae_qazlal_general_emergency,
          minmay_misc_feat_cross, fungi_pond_lemuel,
          onia_ninara_dug_in_and_dangerous
D:9:      gammafunk_sealed_arena, layout_loops_corners, old_standard_altar,
          erik_orc_2, minmay_circle_x, uniq_harold, uniq_erolcha
D:10:     layout_stronghold, minmay_overflow_temple_star_quad,
          david_lair_shrubbed, minmay_diced_spiral, uniq_maggie
D:11:     layout_rooms, demons_altar
D:12:     layout_roguey [special_room_orc]
D:13:     layout_loops_ring, grunt_vaults_entry_tiered, gammafunk_ghost_cemetery
D:14:     layout_stronghold, serial_shops, shop, roderic_lattice_a,
          minivault_10, drop_trap, hangedman_weighted_door
D:15:     hangedman_depths_entry_civil_slaughter, layout_cross, serial_shops,
          nicolae_shop_statue_plus, serial_park_tiny_1
Lair:1:   layout_cave_pods, serial_rivers, chequers_serial_rivers_micro_e,
          chequers_serial_rivers_micro_d, chequers_serial_rivers_micro_a,
          chequers_serial_rivers_room_a, chequers_serial_rivers_micro_c,
          eino_small_chamber_without_monster, lemuel_fruit_tree,
          infiniplex_staircase_pool, serial_bayou_shore_a, serial_bayou_shore_b
Lair:2:   layout_regular_city, swamp_mist, ebering_ghost_funeral_grove,
          gauntlet_entry_generic, grunt_megastairs_2,
          infiniplex_staircase_pool_2
Lair:3:   layout_cave_pods
Lair:4:   layout_gridlike, guppyfry_snake_entry_garden,
          minmay_lair_oklob_chamber
Lair:5:   layout_cave_pods, slime_dummy, basic_altar,
          portal_ice_cave_demonic_guard
Lair:6:   gammafunk_lair_ancient_temple, layout_loops_ring, dpeg_oklob_1
Swamp:1:  layout_basic_swamp, evilmike_swamp_ruin_house_3, swamp_pool1
Swamp:2:  layout_basic_swamp, gammafunk_ghost_mausoleum,
          evilmike_swamp_ruin_rubble_1
Swamp:3:  layout_basic_swamp, serial_swamp_ruin, evilmike_swamp_ruin_house_4,
          evilmike_swamp_ruin_rubble_2
Swamp:4:  swamp_pestilence, layout_basic_swamp
Snake:1:  layout_chambers, minmay_shop_star
Snake:2:  layout_honeycomb, serial_shops, shop
Snake:3:  layout_chambers, minmay_snake_pond
Snake:4:  johnstein_snake_rune_scales, layout_cave_town, serial_shops, shop,
          nicolae_shop_overgrown_old_shop, shop, shop, nicolae_snake_boneroom,
          uniq_vashnia, uniq_aizul, uniq_louise, uniq_mara
Orc:1:    layout_caves, nicolae_volcano_entry_batcave
Orc:2:    st_orc_mages, layout_caves, nicolae_orc_tapped_out

Notes
Turn   | Place    | Note
-------+----------+-------------------------------------------
     0 | D:1      | Drazool the Merfolk Monk began the quest for the Orb.
     0 | D:1      | Reached XP level 1. HP: 18/18 MP: 1/1
    54 | D:1      | HP: 1/18 [hobgoblin (5)]
   716 | D:1      | Reached XP level 2. HP: 24/24 MP: 2/2
   998 | D:1      | Reached skill level 5 in Polearms
  1045 | D:1      | Found a faded altar of an unknown god.
  1320 | D:2      | Reached skill level 4 in Fighting
  1320 | D:2      | Reached XP level 3. HP: 30/30 MP: 3/3
  1490 | D:1      | Became a worshipper of Gozag Ym Sagoz the Greedy
  1877 | D:3      | Noticed Robin
  1888 | D:3      | Killed Robin
  1889 | D:3      | Reached XP level 4. HP: 38/38 MP: 4/4
  1899 | D:3      | Reached skill level 6 in Polearms
  2110 | D:3      | Found Olozxued's Armour Shoppe.
  2246 | D:3      | Bought a +0 helmet of see invisible for 138 gold pieces
  2271 | D:3      | Reached XP level 5. HP: 22/43 MP: 5/5
  2466 | D:3      | Noticed a moth of wrath
  2469 | D:3      | Found a bloodstained altar of Trog.
  2520 | D:3      | Reached skill level 5 in Fighting
  2583 | D:3      | Found a sacrificial altar of Ru.
  2739 | D:3      | Found Lataaff's Armour Emporium.
  2832 | D:3      | Noticed an ogre
  2833 | D:3      | Found a runed translucent gate.
  2834 | D:3      | Found a runed translucent gate.
  2835 | D:3      | Found a runed translucent gate.
  2836 | D:3      | Noticed dang3rdave's ghost (amateur GrTm)
  3046 | D:3      | Found Xauteyff's Assorted Antiques.
  3049 | D:3      | Bought a notched marble ring for 110 gold pieces
  3049 | D:3      | Bought a shiny scale mail for 154 gold pieces
  3254 | D:4      | Noticed a sky beast
  3270 | D:4      | Killed a sky beast
  3271 | D:4      | Reached skill level 7 in Polearms
  3271 | D:4      | Reached XP level 6. HP: 44/51 MP: 6/6
  3281 | D:4      | Identified the +1 ring mail of Pandemonium {rN+ Will+ Int+3
                  | Stlth-}
  3499 | D:4      | Found a staircase to the Ecumenical Temple.
  3504 | D:4      | Identified the +6 chain mail of Tomorrow {Contam Rampage
                  | +Blink Int+9}
  3947 | D:5      | Entered Level 5 of the Dungeon
  3957 | D:5      | Reached skill level 6 in Fighting
  3957 | D:5      | Reached skill level 8 in Polearms
  4258 | D:5      | Reached XP level 7. HP: 59/59 MP: 7/7
  4370 | D:5      | Noticed Sigmund
  4388 | D:5      | Killed Sigmund
  4389 | D:5      | Reached skill level 9 in Polearms
  4470 | D:5      | Reached skill level 7 in Fighting
  4515 | D:5      | Noticed Grinder
  4523 | D:5      | Killed Grinder
  4524 | D:5      | Reached skill level 10 in Polearms
  4524 | D:5      | Reached XP level 8. HP: 68/68 MP: 8/8
  4849 | D:5      | Found a shadowy altar of Dithmenos.
  4872 | D:6      | Noticed a yak
  4872 | D:6      | Noticed a yak
  4872 | D:6      | Noticed a yak
  4877 | D:6      | Noticed a yak
  4878 | D:6      | Noticed a yak
  4879 | D:6      | Killed a yak
  4880 | D:6      | Reached skill level 8 in Fighting
  4880 | D:6      | Noticed a yak
  4881 | D:6      | Noticed a yak
  4882 | D:6      | Noticed a yak
  4885 | D:6      | Noticed a yak
  4892 | D:5      | Killed a yak
  4896 | D:5      | Killed a yak
  4897 | D:5      | Reached skill level 11 in Polearms
  5075 | D:6      | Killed a yak
  5076 | D:6      | Reached skill level 9 in Fighting
  5086 | D:6      | Killed a yak
  5087 | D:6      | Reached XP level 9. HP: 69/76 MP: 9/9
  5090 | D:6      | Reached skill level 12 in Polearms
  5113 | D:6      | Reached skill level 10 in Fighting
  5580 | D:6      | Reached skill level 13 in Polearms
  5830 | D:6      | Found a burning altar of Makhleb.
  6292 | D:7      | Reached skill level 11 in Fighting
  6292 | D:7      | Reached XP level 10. HP: 74/87 MP: 10/10
  6446 | D:7      | Reached skill level 14 in Polearms
  6589 | D:7      | Reached skill level 3 in Stealth
  6637 | D:7      | Noticed Menkaure
  6664 | D:7      | Killed Menkaure
  6822 | D:7      | Noticed a gargoyle
  6829 | D:7      | Killed a gargoyle
  6830 | D:7      | Reached skill level 4 in Stealth
  6905 | D:7      | Found a hazy altar of Hepliaklqana.
  7561 | D:8      | Found a stormy altar of Qazlal.
  7836 | D:8      | Reached skill level 5 in Stealth
  8126 | D:8      | Noticed a centaur warrior
  8195 | D:8      | Paralysed by a hornet for 3 turns
  8587 | D:8      | Found an opulent altar of Gozag.
  8703 | D:9      | Found a shimmering altar of Xom.
  8840 | D:9      | Reached skill level 15 in Polearms
  8843 | D:9      | Reached skill level 12 in Fighting
  8843 | D:9      | Reached skill level 6 in Stealth
  8950 | D:9      | Paralysed by a gnoll sergeant for 6 turns
  9145 | D:9      | Reached XP level 11. HP: 92/95 MP: 11/11
  9189 | D:9      | Paralysed by a gnoll sergeant for 5 turns
  9369 | D:9      | Noticed a catoblepas
  9369 | D:9      | Noticed a boulder beetle
  9371 | D:9      | Found a transporter.
  9372 | D:9      | Noticed a great orb of eyes
  9373 | D:9      | Noticed a death knight
  9376 | D:9      | Noticed a six-headed hydra
  9381 | D:9      | Noticed Harold
  9381 | D:9      | Noticed Erolcha
  9568 | D:9      | Found a transporter.
  9671 | D:9      | Killed Erolcha
  9672 | D:9      | Reached skill level 7 in Stealth
  9764 | D:9      | Noticed a wolf spider
  9845 | D:9      | Noticed a glowing orange brain
  9872 | D:9      | Noticed a cyclops
 10060 | D:9      | Killed Harold
 10061 | D:9      | Reached skill level 16 in Polearms
 10061 | D:9      | Reached skill level 8 in Stealth
 10351 | D:9      | Found a staircase to the Orcish Mines.
 10403 | D:10     | Entered Level 10 of the Dungeon
 10660 | D:10     | Reached skill level 1 in Shields
 10854 | D:10     | Found a staircase to the Lair.
 10874 | D:10     | Reached skill level 2 in Shields
 11113 | D:10     | Reached skill level 3 in Shields
 11140 | D:10     | Reached skill level 4 in Shields
 11428 | D:10     | Found a snail-covered altar of Cheibriados.
 11433 | D:10     | Found an iron altar of Okawaru.
 11440 | D:10     | Found a shimmering blue altar of Sif Muna.
 11454 | D:10     | Noticed Maggie
 11468 | D:10     | Killed Maggie
 11753 | D:11     | Reached skill level 5 in Shields
 11982 | D:11     | Reached skill level 6 in Shields
 12079 | D:11     | Reached XP level 12. HP: 103/103 MP: 12/12
 12506 | D:11     | Found a burning altar of Makhleb.
 12589 | D:11     | Reached skill level 7 in Shields
 12763 | Lair:1   | Entered Level 1 of the Lair of Beasts
 12792 | Lair:1   | Reached skill level 8 in Shields
 13227 | Lair:1   | Reached skill level 9 in Shields
 13654 | Lair:1   | Learned a level 2 spell: Blink
 14356 | Lair:2   | Found a runed translucent door.
 14359 | Lair:2   | Noticed Anuemis's ghost (journeyman GrGl)
 14359 | Lair:2   | Identified the +7 spear of the Pillar {protect, rPois
                  | Str+3}
 14386 | Lair:2   | Found a gate leading to a gauntlet.
 14397 | Gauntlet | Entered a Gauntlet
 14397 | Gauntlet | Found a transporter.
 14397 | Gauntlet | Found a transporter.
 14397 | Gauntlet | Found a transporter.
 14398 | Gauntlet | Found a transporter.
 14401 | Gauntlet | Found a transporter.
 14401 | Gauntlet | Found a transporter.
 14409 | Gauntlet | Noticed an entropy weaver
 14415 | Gauntlet | Found a transporter.
 14415 | Gauntlet | Found a transporter.
 14421 | Gauntlet | Noticed a blizzard demon
 14427 | Gauntlet | Found a transporter.
 14527 | Gauntlet | Found a transporter.
 14531 | Gauntlet | Found a transporter.
 14541 | Gauntlet | Found a transporter.
 15120 | Gauntlet | Noticed a catoblepas
 15262 | Gauntlet | Noticed a minotaur
 15294 | Gauntlet | Killed a minotaur
 15295 | Gauntlet | Reached skill level 10 in Shields
 15705 | Lair:2   | Identified the +5 dagger of Cowardice {vorpal, rF+ rN+}
 15769 | Lair:2   | Reached skill level 1 in Necromancy
 15821 | Lair:2   | Reached skill level 1 in Translocations
 16009 | Lair:2   | Found a staircase to the Swamp.
 16013 | Lair:2   | Noticed a four-headed hydra
 16028 | Lair:2   | Killed a four-headed hydra
 16029 | Lair:2   | Reached skill level 2 in Necromancy
 16255 | Lair:2   | Reached skill level 3 in Necromancy
 16255 | Lair:2   | Reached skill level 2 in Translocations
 17044 | Lair:3   | Noticed a six-headed hydra
 17056 | Lair:3   | Killed a six-headed hydra
 17057 | Lair:3   | Reached skill level 4 in Necromancy
 17057 | Lair:3   | Reached XP level 13. HP: 88/109 MP: 13/13
 17244 | Lair:3   | Reached skill level 3 in Translocations
 17427 | Lair:3   | Reached skill level 5 in Necromancy
 18091 | Lair:3   | Bought a scroll of enchant armour for 97 gold pieces
 18091 | Lair:3   | Bought a scroll of brand weapon for 260 gold pieces
 18091 | Lair:3   | Bought a scroll of magic mapping for 45 gold pieces
 18103 | Lair:3   | Bought the +0 mask of the Dragon {Will+ Slay+3 SInv} for
                  | 534 gold pieces
 18103 | Lair:3   | Found the +0 mask of the Dragon {Will+ Slay+3 SInv}
 18222 | Lair:4   | Reached skill level 11 in Shields
 18956 | Lair:4   | Found a staircase to the Snake Pit.
 19007 | Lair:4   | Reached skill level 12 in Shields
 19752 | Lair:5   | Reached skill level 9 in Stealth
 19821 | Lair:5   | Found a frozen archway.
 19886 | IceCv    | Entered an ice cave
 20008 | IceCv    | Reached skill level 10 in Stealth
 20181 | IceCv    | Reached skill level 11 in Stealth
 20380 | IceCv    | Reached XP level 14. HP: 63/116 MP: 14/14
 20628 | IceCv    | Reached skill level 12 in Stealth
 20659 | IceCv    | Found a viscous altar of Jiyva.
 20659 | IceCv    | Noticed an azure jelly
 20669 | IceCv    | Killed an azure jelly
 20670 | IceCv    | Reached skill level 13 in Shields
 20768 | IceCv    | Noticed a quicksilver ooze
 20782 | IceCv    | Killed a quicksilver ooze
 20783 | IceCv    | Reached skill level 13 in Stealth
 20803 | IceCv    | Got the ring of Ejiag {rElec rPois rC+ rCorr Int+2}
 20903 | IceCv    | Noticed a quicksilver ooze
 20914 | IceCv    | Killed a quicksilver ooze
 21431 | Lair:5   | Found a shimmering altar of Xom.
 21494 | Lair:5   | Reached skill level 14 in Stealth
 21548 | Lair:5   | Found a staircase to the Slime Pits.
 21913 | Lair:5   | Reached skill level 15 in Stealth
 22576 | Lair:6   | Entered Level 6 of the Lair of Beasts
 22656 | Lair:6   | Reached skill level 16 in Stealth
 22868 | Lair:6   | Reached skill level 1 in Evocations
 22919 | Lair:6   | Reached skill level 2 in Evocations
 23037 | Lair:6   | Reached skill level 3 in Evocations
 23063 | Lair:6   | Reached skill level 4 in Evocations
 23307 | Lair:6   | Reached skill level 5 in Evocations
 23488 | Lair:6   | Reached skill level 6 in Evocations
 23488 | Lair:6   | Reached XP level 15. HP: 104/122 MP: 15/15
 23643 | Lair:6   | Identified the +0 robe of Wrong Decisions {Rampage rElec
                  | Will+ Stlth-}
 23697 | Lair:6   | Reached skill level 7 in Evocations
 23933 | Lair:6   | Identified the +4 scimitar "Ihiev" {pain, rElec rPois rN+
                  | Int+5}
 23935 | Lair:6   | Identified the +1 plate armour of Creativity {Rampage rCorr
                  | Str+7 Int-2}
 23939 | Lair:6   | Identified the +3 leather armour "Ixzitecu" {rC+ Str+2}
 24088 | Lair:6   | Reached skill level 8 in Evocations
 24847 | Orc:1    | Entered Level 1 of the Orcish Mines
 24917 | Orc:2    | Entered Level 2 of the Orcish Mines
 24923 | Orc:2    | Found a staircase to the Elven Halls.
 24987 | Orc:1    | Reached skill level 9 in Evocations
 25082 | Orc:1    | Found a dark tunnel.
 25092 | Volcano  | Entered a volcano
 25496 | Volcano  | Found a burning altar of Makhleb.
 25570 | Volcano  | Reached skill level 10 in Evocations
 25602 | Volcano  | Identified a potion of resistance
 25626 | Volcano  | Reached skill level 1 in Armour
 25972 | Orc:1    | Reached skill level 2 in Armour
 26207 | Orc:2    | Gained mutation: You are somewhat resistant to further
                  | mutation. [a neqoxec]
 26491 | Orc:2    | Reached skill level 3 in Armour
 26871 | Orc:2    | Found Tevuyceg's Weapon Emporium.
 26871 | Orc:2    | Found Qeentya's Antique Armour Shoppe.
 26872 | Orc:2    | Found Xugrozac's Armour Shoppe.
 26876 | Orc:2    | Found Nool's Antique Weapon Emporium.
 27134 | Orc:1    | Reached skill level 4 in Armour
 27747 | D:12     | Reached skill level 5 in Armour
 28774 | D:13     | Reached skill level 6 in Armour
 28780 | D:13     | Reached XP level 16. HP: 127/129 MP: 16/16
 29202 | D:13     | Found a runed translucent gate.
 29202 | D:13     | Found a runed translucent gate.
 29202 | D:13     | Found a runed translucent gate.
 29207 | D:13     | Noticed Pela's ghost (journeyman MiBe)
 29207 | D:13     | Noticed Ippog's ghost (journeyman SpEn)
 29237 | D:13     | Killed Pela's ghost
 29250 | D:13     | Killed Ippog's ghost
 29506 | D:3      | Killed dang3rdave's ghost
 29697 | D:9      | Reached skill level 7 in Armour
 29780 | D:9      | Identified the ring "Quzoapt" {Fire Dex+2}
 29938 | Lair:2   | Killed Anuemis's ghost
 30170 | D:13     | Reached skill level 8 in Armour
 30304 | D:13     | Found a gate to the Vaults.
 30506 | D:14     | Reached skill level 13 in Fighting
 31002 | D:14     | Found Ostiakk's Jewellery Boutique.
 31009 | D:14     | Bought the ring "Athruob" {rC+ rCorr Slay+6} for 828 gold
                  | pieces
 31399 | D:14     | Reached skill level 14 in Shields
 31715 | D:15     | Entered Level 15 of the Dungeon
 32212 | D:15     | Found Qylih's Antique Armour Shoppe.
 32225 | D:15     | Reached skill level 17 in Stealth
 32399 | D:15     | Found a staircase to the Depths.
 32749 | D:15     | Reached XP level 17. HP: 84/137 MP: 17/17
 33377 | Snake:1  | Entered Level 1 of the Snake Pit
 33495 | Snake:1  | Found Tosolima's General Store.
 33497 | Snake:1  | Found Jodudar's Book Emporium.
 33499 | Snake:1  | Found Ohothies's Antique Weapon Shoppe.
 33675 | Snake:1  | Reached skill level 11 in Evocations
 34480 | Snake:1  | Reached skill level 5 in Dodging
 34979 | Snake:2  | Reached skill level 6 in Dodging
 35059 | Snake:2  | Reached skill level 7 in Dodging
 35424 | Snake:2  | Reached skill level 8 in Dodging
 35784 | Snake:2  | Found Xoqateju's Antique Armour Boutique.
 35792 | Snake:2  | Bought a steaming plate armour for 700 gold pieces
 35792 | Snake:2  | Identified the +6 plate armour "Faqaf" {rF+ Str+2} (You
                  | bought it in a shop on level 2 of the Snake Pit)
 35959 | Snake:2  | Bought a faintly humming chain mail for 237 gold pieces
 35959 | Snake:2  | Identified the +0 chain mail of the Distant Future {rPois
                  | Str+3} (You bought it in a shop on level 2 of the Snake
                  | Pit)
 35959 | Snake:2  | Bought a pitted chain mail for 237 gold pieces
 35959 | Snake:2  | Identified the +1 chain mail "Zoariti" {rElec rF+ Dex+4}
                  | (You bought it in a shop on level 2 of the Snake Pit)
 36034 | Snake:2  | Reached skill level 9 in Dodging
 36785 | Snake:3  | Reached skill level 10 in Dodging
 36980 | Snake:3  | Identified the +8 ring mail of Pride {Int+4}
 37199 | Snake:3  | Reached skill level 11 in Dodging
 37612 | Snake:3  | Reached skill level 12 in Dodging
 38098 | Snake:4  | Entered Level 4 of the Snake Pit
 38098 | Snake:4  | Noticed Louise
 38107 | Snake:4  | Killed Louise
 38311 | Snake:4  | Found Biel's Antique Armour Emporium.
 38471 | Snake:4  | Found Miher's Book Shoppe.
 38486 | Snake:4  | Found Talian's Jewellery Boutique.
 38653 | Snake:4  | Reached skill level 14 in Fighting
 38735 | Snake:4  | Reached XP level 18. HP: 142/146 MP: 18/18
 38749 | Snake:4  | Noticed Vashnia
 38759 | Snake:4  | Noticed Mara
 38762 | Snake:4  | Killed Vashnia
 38779 | Snake:4  | Killed Mara
 38930 | Snake:4  | Reached skill level 17 in Polearms
 38930 | Snake:4  | Reached skill level 1 in Throwing
 39145 | Snake:4  | Reached skill level 18 in Stealth
 39365 | Snake:4  | Reached skill level 2 in Throwing
 39430 | Snake:4  | Reached skill level 12 in Evocations
 39716 | Snake:4  | Got a serpentine rune of Zot
 39761 | Snake:4  | Found Vanifut's Book Shop.
 39829 | Snake:4  | Reached skill level 3 in Throwing
 39918 | Snake:4  | Noticed Aizul
 39951 | Snake:4  | Killed Aizul
 40703 | Snake:4  | Reached skill level 4 in Translocations
 40798 | Snake:4  | Identified the Volume of the Gravedigger
 41176 | Swamp:1  | Entered Level 1 of the Swamp
 41201 | Swamp:1  | Reached XP level 19. HP: 135/154 MP: 19/19
 41787 | Swamp:1  | Reached skill level 5 in Translocations
 42036 | Swamp:2  | Reached skill level 15 in Shields
 42429 | Swamp:2  | Found a transporter.
 42672 | Swamp:2  | Reached skill level 6 in Translocations
 42880 | Swamp:2  | Noticed Orlauf's ghost (adept DsGl)
 43008 | Swamp:2  | Found a transporter.
 43578 | Swamp:3  | Identified a scroll of acquirement
 43579 | Swamp:3  | Acquired a manual of Fighting
 44207 | Swamp:4  | Entered Level 4 of the Swamp
 44320 | Swamp:3  | Reached skill level 7 in Translocations
 45239 | Swamp:4  | Reached skill level 16 in Shields
 45600 | Swamp:4  | Noticed a bone dragon
 45601 | Swamp:4  | HP: 11/154 [spore (25)]
 45601 | Swamp:4  | Killed from afar by a death drake

Vanquished Creatures
  Mara (Snake:4)
  Vashnia (Snake:4)
  6 nagarajas (Snake:4)
  An azure jelly (IceCv)
  A fenstrider witch (Swamp:3)
  Louise (Snake:4)
  Aizul (Snake:4)
  2 ghouls
  2 quicksilver oozes (IceCv)
  The ghost of Pela the Fighter, a journeyman MiBe of Trog (D:13)
  A dire elephant (Lair:6)
  9 bunyips
  A minotaur (Gauntlet)
  The ghost of Ippog the Imperceptible, a journeyman SpEn of Gozag (D:13)
  5 eleionomae
  An ettin (D:15)
  13 hydras
  A shambling mangrove (Swamp:4)
  Harold (D:9)
  A great orb of eyes (D:9)
  Erolcha (D:9)
  19 naga warriors
  3 vault guards (D:13)
  5 boulder beetles
  2 salamander tyrants
  A catoblepas (D:9)
  3 ghost crabs
  7 anacondas
  2 ogre magi
  A merfolk avatar (Lair:6)
  9 alligators
  The ghost of Anuemis the Protected, a journeyman GrGl of Okawaru (Lair:2)
  2 tengu warriors
  5 centaur warriors
  7 two-headed ogres
  A death knight (D:9)
  6 death yaks (Lair:5)
  2 orc high priests
  7 shock serpents
  10 naga sharpshooters
  2 hell knights
  2 goliath frogs (Swamp:1)
  6 sea snakes
  9 salamander mystics
  4 spriggan druids
  7 skeletal warriors
  8 naga ritualists
  9 bog bodies
  4 wizards
  6 swamp dragons
  A lindwurm (Lair:4)
  A deep troll (D:15)
  6 orc knights
  A harpy (shapeshifter) (D:9)
  12 mana vipers
  4 oklob plants
  6 ugly things
  28 salamanders
  2 cyclopes
  7 orc sorcerers
  3 will-o-the-wisps
  A salamander (shapeshifter) (D:15)
  A manticore (D:14)
  A spectral centaur (D:14)
  14 elephants
  A rust devil (D:11)
  9 naga magi
  A molten gargoyle (Volcano)
  36 black mambas
  12 cane toads
  9 guardian serpents
  2 centaur skeletons (D:14)
  Maggie (D:10)
  4 gargoyles
  An ice statue (IceCv)
  An unseen horror (D:10)
  4 swamp worm zombies (Swamp:4)
  4 rime drakes (Lair:6)
  3 tengu conjurers
  2 ice devils (Lair:5)
  A freezing wraith (D:14)
  7 komodo dragons
  3 entropy weaver simulacra (IceCv)
  4 trolls
  A very ugly thing simulacrum (IceCv)
  2 hydra zombies (Swamp:4)
  A polar bear (shapeshifter) (D:13)
  A polar bear (Lair:5)
  8 tyrant leeches
  2 bloated husks (Swamp:4)
  A wind drake (Lair:6)
  Grinder (D:5)
  5 dream sheep (Lair:5)
  12 hornets
  2 alligator zombies (Swamp:4)
  A raiju (shapeshifter) (D:14)
  20 slime creatures
  14 blink frogs
  Sigmund (D:5)
  12 spriggans
  A centaur simulacrum (D:14)
  A redback (shapeshifter) (D:13)
  90 yaks
  5 fire bats
  A vampire (D:11)
  2 wraiths
  18 humans (D:13)
  A steam dragon (Lair:2)
  4 basilisks
  6 wyverns
  5 wargs
  Menkaure (D:7)
  6 vampire mosquitoes
  A harpy simulacrum (D:15)
  54 nagas
  12 swamp worms
  16 water moccasins
  2 acid dragons
  A demonic crawler simulacrum (IceCv)
  2 swamp drakes (Swamp:1)
  37 orc warriors
  2 swamp dragon zombies (Swamp:4)
  A sky beast (D:4)
  A black bear (Lair:2)
  A necrophage (D:8)
  3 ugly thing simulacra (IceCv)
  13 wolves
  9 ogres
  8 centaurs
  The ghost of dang3rdave the Changer, an amateur GrTm of Uskayaw (D:3)
  3 kobold brigands
  15 bullfrogs
  4 scorpions
  A wyvern zombie (D:6)
  5 gnoll sergeants
  2 glowing shapeshifter simulacra (IceCv)
  A water moccasin skeleton (D:6)
  16 killer bees
  3 wights (D:7)
  2 howler monkeys (D:13)
  5 electric eels
  5 lava snakes (Volcano)
  8 centaur zombies
  3 hounds
  A jelly (D:8)
  30 orc priests
  3 bullfrog skeletons
  2 iguanas
  38 orc wizards
  2 killer bee zombies
  A hound skeleton (D:4)
  Robin (D:3)
  19 gnolls
  A howler monkey skeleton (D:7)
  4 adders
  A shadow imp (D:4)
  5 worms
  A dart slug (D:2)
  78 orcs
  6 endoplasms
  4 giant cockroaches
  16 goblins
  5 hobgoblins
  7 jackals
  2 quokkas (D:2)
  3 ball pythons
  3 bats
  2 frilled lizards
  20 kobolds
  7 rats
1119 creatures vanquished.

Vanquished Creatures (others)
  3 bloated husks
  2 hornets (Swamp:4)
  2 spriggans (Swamp:4)
  A swamp worm (Swamp:2)
  An orc priest (Orc:2)
  A bush (Lair:6)
  12 foxfires
  41 fungi
  127 plants
190 creatures vanquished.

Grand Total: 1309 creatures vanquished

Table legend: (Time is in decaauts)
 A = Elapsed time spent in this place.
 B = Non-inter-level travel time spent in this place.
 C = Inter-level travel time spent in this place.
 D = Time resting spent in this place.
 E = Time spent auto-exploring this place.
 F = Levels seen in this place.
 G = Mean time per level.
                   A        B        C        D        E       F      G
               +--------+--------+--------+--------+--------+-----+--------+
         Total |  44415 |  41799 |   2616 |   5080 |  28207 |  34 | 1306.3 |
       Dungeon |  18357 |  16903 |   1454 |   1175 |  12459 |  15 | 1223.8 |
          Lair |   9675 |   9021 |    654 |    712 |   6582 |   6 | 1612.5 |
         Swamp |   4013 |   3894 |    119 |    979 |   2119 |   4 | 1003.2 |
     Snake Pit |   7600 |   7368 |    232 |   1071 |   4940 |   4 | 1900.0 |
  Orcish Mines |   1809 |   1653 |    156 |    209 |    860 |   2 |  904.5 |
      Ice Cave |   1290 |   1290 |      0 |    185 |    791 |   1 | 1290.0 |
       Volcano |    580 |    580 |      0 |     55 |    306 |   1 |  580.0 |
      Gauntlet |   1088 |   1088 |      0 |    692 |    150 |   1 | 1088.0 |
               +--------+--------+--------+--------+--------+-----+--------+

Top non-repeatable levels by time:
 Snake:4: 2874 daAuts
     D:9: 1945 daAuts
  Lair:4: 1752 daAuts
  Lair:6: 1733 daAuts
    D:14: 1724 daAuts
 Snake:1: 1720 daAuts
  Lair:1: 1697 daAuts
  Lair:5: 1653 daAuts
 Snake:3: 1614 daAuts
    D:10: 1507 daAuts
  Lair:3: 1493 daAuts
     D:7: 1489 daAuts
     D:3: 1459 daAuts
 Snake:2: 1391 daAuts
  Lair:2: 1344 daAuts

Table legend:
 A = Non-vault XP
 B = Vault XP
 C = Vault XP percentage of total XP
 D = Non-vault monster count
 E = Vault monster count
 F = Vault count percentage of total count
                 A         B        C        D         E       F
            +---------+---------+-------+---------+---------+-------
      Total |  233069 |  147989 |  38.8 |     755 |     365 |  32.6
            +---------+---------+-------+---------+---------+-------
        D:1 |      19 |       0 |   0.0 |      13 |       0 |   0.0
        D:2 |      50 |       0 |   0.0 |      18 |       0 |   0.0
        D:3 |      81 |     264 |  76.5 |      15 |      22 |  59.5
        D:4 |     267 |       0 |   0.0 |      14 |       0 |   0.0
        D:5 |     834 |     515 |  38.2 |      13 |       2 |  13.3
        D:6 |    2416 |       0 |   0.0 |      17 |       0 |   0.0
        D:7 |    1724 |     672 |  28.0 |      26 |       6 |  18.8
        D:8 |    1232 |       0 |   0.0 |      19 |       0 |   0.0
        D:9 |    3150 |    8913 |  73.9 |      36 |      33 |  47.8
       D:10 |    1185 |    1443 |  54.9 |       9 |       4 |  30.8
       D:11 |    2164 |     457 |  17.4 |      18 |       1 |   5.3
       D:12 |    6462 |    1846 |  22.2 |      25 |      26 |  51.0
       D:13 |    6392 |   11181 |  63.6 |      14 |      27 |  65.9
       D:14 |   14197 |    2317 |  14.0 |      24 |       5 |  17.2
       D:15 |    9416 |    4487 |  32.3 |      25 |       6 |  19.4
     Lair:1 |    4334 |       0 |   0.0 |      21 |       0 |   0.0
     Lair:2 |    5253 |    1707 |  24.5 |      21 |       5 |  19.2
     Lair:3 |    5246 |       0 |   0.0 |      21 |       0 |   0.0
     Lair:4 |    8622 |     951 |   9.9 |      32 |       4 |  11.1
     Lair:5 |   15045 |     925 |   5.8 |      44 |       3 |   6.4
     Lair:6 |   10761 |   12682 |  54.1 |      34 |      27 |  44.3
    Swamp:1 |   14154 |       0 |   0.0 |      29 |       0 |   0.0
    Swamp:2 |   16952 |       0 |   0.0 |      22 |       0 |   0.0
    Swamp:3 |   15463 |       0 |   0.0 |      19 |       0 |   0.0
    Swamp:4 |   15257 |    4946 |  24.5 |      25 |      13 |  34.2
    Snake:1 |   11780 |       0 |   0.0 |      23 |       0 |   0.0
    Snake:2 |   12966 |       0 |   0.0 |      22 |       0 |   0.0
    Snake:3 |   17011 |    3724 |  18.0 |      32 |       6 |  15.8
    Snake:4 |   22229 |   65178 |  74.6 |      45 |      83 |  64.8
      Orc:1 |    6142 |     603 |   8.9 |      60 |       3 |   4.8
      Orc:2 |    1452 |    4934 |  77.3 |      16 |      42 |  72.4
      IceCv |     813 |   11260 |  93.3 |       3 |      28 |  90.3
    Volcano |       0 |    6860 | 100.0 |       0 |      15 | 100.0
   Gauntlet |       0 |    2124 | 100.0 |       0 |       4 | 100.0
            +---------+---------+-------+---------+---------+-------
